 Dungeon Crawl Stone Soup version 0.30.1-9-gdf580d7c3d (webtiles) character file.

Game seed: 5079960396259190944

46 arthad the Chopper (level 3, -4/29 HPs)
             Began as a Human Berserker on Sept 28, 2023.
             Was a Follower of Trog.
             Slain by a worm (10 damage)
             ... on level 2 of the Dungeon.
             The game lasted 00:02:18 (1179 turns).

arthad the Chopper (Human Berserker)                Turns: 1179, Time: 00:02:18

Health: -4/29      AC:  2    Str: 19    XL:     3   Next: 95%
Magic:  3/3        EV: 12    Int:  7    God:    Trog [*.....]
Gold:   54         SH:  0    Dex: 12    Spells: 2/2 levels left

rFire   . . .        a - +0 hand axe
rCold   . . .        (no shield)
rNeg    . . .        b - +0 animal skin
rPois   +            (no helmet)
rElec   .            (no cloak)
rCorr   .            (no gloves)
SInv    .            (no boots)
Will    .....        (no amulet)
Stlth   +            l - ring of poison resistance
HPRegen 0.24/turn    (no ring)
MPRegen 0.08/turn

%: no passive effects
@: no status effects
A: no striking features
a: Renounce Religion, Berserk


You were on level 2 of the Dungeon.
You worshipped Trog.
Trog was aware of your devotion.
You visited 1 branch of the dungeon, and saw 2 of its levels.

You collected 54 gold pieces.

Inventory:

Hand Weapons
 a - a +0 hand axe (weapon)
Armour
 b - a +0 animal skin (worn)
Jewellery
 l - a ring of poison resistance (left hand)
Scrolls
 e - a scroll of magic mapping {unknown}
 g - 3 scrolls of identify {unknown}
 h - a scroll of fog {unknown}
 j - a scroll of blinking {unknown}
 m - a scroll of acquirement {unknown}
 n - a scroll of teleportation {unknown}
Potions
 c - a potion of might {unknown}
 d - a potion of heal wounds {unknown}
 f - 2 potions of cancellation {unknown}
 i - 2 potions of magic {unknown}
 k - a potion of haste {unknown}


   Skills:
 * Level 3.5 Fighting
 * Level 3.8 Axes
 * Level 2.2 Armour
 * Level 2.2 Dodging
 + Level 0.1 Stealth


You had 2 spell levels left.
You didn't know any spells.
Your spell library was empty.

Dungeon Overview and Level Annotations

Branches:
Dungeon (2/15)

Altars:


Message History

You slash the rat!
You kill the rat!
Trog accepts your kill. The adder misses you.
You hit the adder.
The adder is lightly wounded.
The adder misses you.
You hit the adder.
The adder is moderately wounded.
The adder barely misses you. The adder closely misses you.
You hit the adder.
The adder is severely wounded.
The adder closely misses you.
You slash the adder!
You kill the adder!
Trog accepts your kill.
You hit the worm.
The worm is moderately wounded.
The worm bites you.
You hit the worm but do no damage.
The worm is lightly wounded.
You hit the worm.
The worm is moderately wounded.
The worm closely misses you.
You slash the worm!
The worm is severely wounded.
The worm closely misses you.
You barely miss the worm.
The worm is severely wounded.
You hit the worm. You punch the worm, but do no damage.
The worm is severely wounded.
The worm bites you!
* * * LOW HITPOINT WARNING * * *
You hit the worm.
The worm is almost dead.
The worm closely misses you.
You barely miss the worm.
The worm is severely wounded.
The worm bites you!
You die...

# #############.
##########.............
####>...w@................
........#####.##.....#..#.
....)...# #.####.#.##.#
........# #.####.#....#
........# #......####.#
........# ######## #.#
........# #.# ........#
#.# ........# #.#


You could see a worm.

Vanquished Creatures
  A gnoll (D:1)
  An adder (D:2)
  A worm (D:2)
  3 dart slugs (D:1)
  2 endoplasms (D:1)
  A goblin (D:1)
  2 hobgoblins
  2 jackals (D:1)
  A quokka (D:1)
  A ball python (D:1)
  2 kobolds
  4 rats
21 creatures vanquished.

Notes
Turn   | Place    | Note
-------+----------+-------------------------------------------
     0 | D:1      | arthad the Human Berserker began the quest for the Orb.
     0 | D:1      | Reached XP level 1. HP: 18/18 MP: 1/1
   304 | D:1      | Reached XP level 2. HP: 18/24 MP: 2/2
   402 | D:1      | Reached XP level 3. HP: 27/29 MP: 3/3
   443 | D:1      | Found a faded altar of an unknown god.
  1179 | D:2      | Slain by a worm

Illustrated notes

Levels and vault maps discovered:
D:1:      reono_arrival_forest_river, layout_basic,
          hellmonk_ecumenical_altar_dog_temple
D:2:      layout_basic, basic_altar, uniq_natasha

Action                     || total
---------------------------++-------
  Melee: Hand axe          ||    91
         Punch             ||     1
 Invoke: Berserk           ||     1
 Armour: Animal skin       ||     9
  Dodge: Dodged            ||    50
